 Dungeon Crawl Stone Soup version 0.22-a0-159-g7ce444f (webtiles) character file.

13656 galech the Grappler (level 11, -24/113 HPs)
             Began as a Troll Monk on Feb 9, 2018.
             Was the Champion of Okawaru.
             Killed from afar by a frost giant (52 damage)
             ... with a bolt of cold
             ... on level 11 of the Dungeon.
             The game lasted 00:21:44 (9829 turns).

galech the Grappler (Troll Monk)                    Turns: 9829, Time: 00:21:44

Health: -24/113    AC: 14    Str: 24    XL:     11   Next: 78%
Magic:  10/10      EV:  9    Int:  6    God:    Okawaru [******]
Gold:   85         SH: 13    Dex: 12    Spells: 10/10 levels left

rFire    + . .     SeeInvis .     - Unarmed
rCold    . . .     Gourm    +   k - +2 shield
rNeg     . . .     Faith    .   P - quicksilver dragon scales
rPois    +         Spirit   .   v - +0 hat
rElec    .         Reflect  .   u - +1 cloak
rCorr    .         Harm     .   (gloves unavailable)
MR       +....                  (boots unavailable)
Stlth    +.........             (no amulet)
HPRegen  0.68/turn              x - ring of poison resistance
MPRegen  0.12/turn              m - ring of protection from fire

@: no status effects
A: large, unfitting armour, claws 3, fast metabolism 3, gourmand, regeneration
1, shaggy fur 1, tough skin 2
a: Heroism, Finesse, Renounce Religion


You were on level 11 of the Dungeon.
You worshipped Okawaru.
Okawaru was exalted by your worship.
You were not hungry.

You visited 1 branch of the dungeon, and saw 11 of its levels.

You collected 437 gold pieces.
You spent 352 gold pieces at shops.

Inventory:

Armour
 a - a +0 robe
 k - a +2 shield (worn)
 l - a +1 robe of magic resistance
 u - a +1 cloak (worn)
 v - a +0 hat (worn)
 y - a +2 robe of resistance
 J - a +0 troll leather armour
 P - quicksilver dragon scales (worn)
Jewellery
 e - an uncursed ring of stealth
 j - an uncursed ring of fire
 m - a ring of protection from fire (right claw)
 q - an uncursed ring of positive energy
 x - a ring of poison resistance (left claw)
 E - the ring of Ysmacrot {rC+++ MP+9 Str-5 Stlth+}
   (You found it on level 9 of the Dungeon)

   [ring of magical power]

   It affects your strength (-5).
   It renders you almost immune to cold.
   It affects your magic capacity (+9).
   It makes you more stealthy.
Wands
 f - a wand of flame (57)
 r - a wand of digging (26)
 B - a wand of random effects (33)
 L - a wand of disintegration (7)
 N - a wand of polymorph (8)
Scrolls
 i - a scroll of enchant weapon
 n - a scroll of fog
 s - a scroll of magic mapping
 t - 3 scrolls of enchant armour
 z - 2 scrolls of remove curse
 C - 6 scrolls of teleportation
 D - 4 scrolls of blinking
 H - a scroll of amnesia
 I - a scroll of identify
 Q - a scroll of silence {unknown}
 R - a scroll of torment {unknown}
Potions
 c - a potion of brilliance {unknown}
 d - 3 potions of mutation {unknown}
 g - 2 potions of agility {unknown}
 h - 5 potions of curing {unknown}
 o - a potion of heal wounds
 p - 2 potions of lignification
 A - a potion of cancellation
 F - 2 potions of haste
 K - a potion of degeneration {unknown}
Books
 w - a book of Misfortune

   Spells                             Type                      Level
   a - Confusing Touch                Hexes                        1
   b - Confuse                        Hexes                        3
   c - Gell's Gravitas                Translocation                3
   d - Petrify                        Transmutation/Earth          4
   e - Metabolic Englaciation         Hexes/Ice                    5
   f - Yara's Violent Unravelling     Hexes/Transmutation          5
 G - a book of Party Tricks

   Spells                             Type                      Level
   a - Summon Butterflies             Summoning                    1
   b - Apportation                    Translocation                1
   c - Lesser Beckoning               Translocation                3
   d - Tukima's Dance                 Hexes                        3
   e - Alistair's Intoxication        Transmutation/Poison         5
   f - Invisibility                   Hexes                        6
 M - a book of Beasts

   Spells                             Type                      Level
   a - Summon Butterflies             Summoning                    1
   b - Call Canine Familiar           Summoning                    3
   c - Summon Ice Beast               Ice/Summoning                4
   d - Summon Mana Viper              Hexes/Summoning              5
   e - Summon Hydra                   Summoning                    7
Comestibles
 b - 26 rations


   Skills:
 + Level 8.6 Fighting
 - Level 2.4 Dodging
 - Level 1.0 Stealth
 + Level 7.6 Shields
 * Level 13.6 Unarmed Combat


You had 10 spell levels left.
You didn't know any spells.

Dungeon Overview and Level Annotations

Branches:
Dungeon (11/15)            Temple (0/1) D:7            Lair (0/6) D:10
    Orc: D:9-12

Altars:
Ashenzari
Cheibriados
Dithmenos
Gozag
Hepliaklqana
Kikubaaqudgha
Okawaru
Qazlal
Ru
Xom
Yredelemnul
Zin
The Shining One

Shops:
D:4 %   D:8 :=**   D:9 ?   D:10 *


Innate Abilities, Weirdness & Mutations

You are too large for most types of armour.
You have claws for hands.
Your metabolism is lightning-fast.
You like to eat raw meat.
Your natural rate of healing is unusually fast.
You are covered in fur. (AC +1)
You have very tough skin. (AC +2)


Message History

You claw the frost giant!
The frost giant is moderately wounded.
You block the frost giant's attack.
You claw the frost giant!
The frost giant is heavily wounded.
An ice beast comes into view.
You scratch the frost giant but do no damage.
The frost giant is heavily wounded.
The frost giant gestures at you while chanting.
The bolt of cold hits you!
* * * LOW HITPOINT WARNING * * *
You are too injured to fight recklessly!
You are too injured to fight recklessly!
You are too injured to fight recklessly!
You are too injured to fight recklessly!
You claw the frost giant!
The frost giant is heavily wounded.
The frost giant gestures at you while chanting.
The bolt of cold hits you!
You die...

#.....................
#.....................
#.....................
#......(# #........
#....(((# #........
#.......# #........
#.......# #.....#
#......(######.....#
#......)).)@CY(....#
#......###)#((.....#
#......#...#.......#
#####..#...#.......#####
#..#...#..........(.
#..#...#............
#..#...#............
#..#...#.....≈≈≈≈≈≈≈ ##
#..#'###.##≈≈≈≈≈≈≈≈≈≈≈..


You could see a frost giant and an ice beast.

Vanquished Creatures
  A stone giant (D:8)
  A centaur warrior (D:11)
  A two-headed ogre (D:7)
  Pikel (D:9)
  2 ugly things (D:11)
  The ghost of zero the Covert, a novice SpEn of Vehumet (D:7)
  A gargoyle (D:10)
  A komodo dragon (D:10)
  A troll (D:10)
  A hippogriff (D:11)
  3 wyverns
  Sigmund (D:4)
  11 yaks
  2 hungry ghosts
  Menkaure (D:2)
  A swamp worm (D:11)
  Duvessa (D:5)
  3 black bears
  2 slaves
  A sky beast (D:5)
  An ice beast (D:11)
  3 phantoms
  7 ogres
  2 orc warriors (D:10)
  14 centaurs
  2 crocodiles
  2 big kobolds
  4 bullfrogs
  Dowan (D:5)
  7 scorpions
  A killer bee (D:8)
  8 wights
  8 howler monkeys
  7 crimson imps
  3 centaur zombies
  2 bullfrog zombies
  A quasit (D:8)
  2 jellies
  4 orc priests
  5 hounds
  6 iguanas
  Crazy Yiuf (D:4)
  7 orc wizards
  A centaur skeleton (D:10)
  Terence (D:2)
  9 worker ants
  A hound zombie (D:10)
  A hound skeleton (D:10)
  2 mummies
  Robin (D:2)
  7 gnolls
  17 adders
  3 shadow imps
  An ooze (D:4)
  An adder zombie (D:5)
  6 worms
  3 dart slugs (D:1)
  4 leopard geckos
  27 orcs
  4 ball pythons
  A bat zombie (D:2)
  6 giant cockroaches
  15 goblins
  13 hobgoblins
  7 jackals
  8 quokkas
  A ball python skeleton (D:2)
  7 bats
  9 frilled lizards
  A giant cockroach zombie (D:6)
  16 kobolds
  A kobold skeleton (D:3)
  2 quokka zombies
  13 rats
324 creatures vanquished.

Vanquished Creatures (others)
  2 plants
2 creatures vanquished.

Grand Total: 326 creatures vanquished

Notes
Turn   | Place    | Note
-------+----------+-------------------------------------------
     0 | D:1      | galech the Troll Monk began the quest for the Orb.
     0 | D:1      | Reached XP level 1. HP: 22/22 MP: 0/0
   174 | D:1      | Reached XP level 2. HP: 24/29 MP: 1/1
   669 | D:1      | Reached XP level 3. HP: 36/36 MP: 2/2
   965 | D:2      | Reached skill level 4 in Unarmed Combat
  1000 | D:2      | Noticed Terence
  1018 | D:2      | Killed Terence
  1018 | D:2      | Reached XP level 4. HP: 41/45 MP: 3/3
  1032 | D:2      | Found a shattered altar of Ashenzari.
  1325 | D:2      | Noticed Robin
  1371 | D:2      | Reached skill level 5 in Unarmed Combat
  1371 | D:2      | Reached XP level 5. HP: 50/53 MP: 4/4
  1375 | D:2      | Killed Robin
  1415 | D:2      | Found an ancient bone altar of Kikubaaqudgha.
  1417 | D:2      | Found a transporter.
  1443 | D:2      | Found a transporter.
  1443 | D:2      | Found a basalt altar of Yredelemnul.
  1447 | D:2      | Noticed Menkaure
  1492 | D:2      | Found a sacrificial altar of Ru.
  1930 | D:3      | Found a runed door.
  1930 | D:3      | Noticed a human
  1933 | D:3      | Found a basalt altar of Yredelemnul.
  2089 | D:3      | Found a faded altar of an unknown god.
  2329 | D:4      | Found Ateulad's Food Shop.
  2437 | D:4      | Reached XP level 6. HP: 38/62 MP: 5/5
  2567 | D:4      | Found a glowing silver altar of Zin.
  2638 | D:4      | Reached skill level 1 in Shields
  2638 | D:4      | Reached skill level 6 in Unarmed Combat
  2847 | D:4      | Noticed Sigmund
  2875 | D:4      | Killed Sigmund
  2875 | D:4      | Reached XP level 7. HP: 25/70 MP: 6/6
  2997 | D:4      | Found a runed door.
  3001 | D:4      | Noticed Crazy Yiuf
  3008 | D:4      | Killed Crazy Yiuf
  3328 | D:5      | Entered Level 5 of the Dungeon
  3344 | D:5      | Reached skill level 7 in Unarmed Combat
  3469 | D:5      | Noticed Duvessa
  3469 | D:5      | Noticed Dowan
  3539 | D:5      | Killed Duvessa
  3644 | D:5      | Killed Dowan
  3680 | D:5      | Reached XP level 8. HP: 79/79 MP: 7/7
  3900 | D:5      | Found a glowing golden altar of the Shining One.
  3970 | D:5      | Found a shadowy altar of Dithmenos.
  3974 | D:5      | Reached skill level 8 in Unarmed Combat
  4039 | D:6      | Reached skill level 5 in Fighting
  4162 | D:6      | Found a stormy altar of Qazlal.
  4165 | D:6      | Noticed an air elemental
  4212 | D:6      | Found an ancient bone altar of Kikubaaqudgha.
  4212 | D:6      | Found a shattered altar of Ashenzari.
  4212 | D:6      | Found a shimmering altar of Xom.
  4212 | D:6      | Found a sacrificial altar of Ru.
  4212 | D:6      | Found an iron altar of Okawaru.
  4212 | D:6      | Found a basalt altar of Yredelemnul.
  4280 | D:6      | Reached skill level 9 in Unarmed Combat
  4304 | D:6      | Found an iron altar of Okawaru.
  4313 | D:6      | Became a worshipper of Warmaster Okawaru
  4313 | D:6      | Reached * piety under Okawaru
  4313 | D:6      | Reached ** piety under Okawaru
  4419 | D:6      | Reached XP level 9. HP: 88/88 MP: 8/8
  4505 | D:6      | Found a hazy altar of Hepliaklqana.
  4816 | D:7      | Noticed a two-headed ogre
  4827 | D:7      | Killed a two-headed ogre
  4827 | D:7      | Reached *** piety under Okawaru
  4827 | D:7      | Reached skill level 10 in Unarmed Combat
  4963 | D:7      | Reached skill level 5 in Shields
  4981 | D:7      | Found a sacrificial altar of Ru.
  5177 | D:7      | Found a staircase to the Ecumenical Temple.
  5364 | D:7      | Reached **** piety under Okawaru
  5394 | D:7      | Noticed zero's ghost (novice SpEn)
  5409 | D:7      | Killed zero's ghost
  5409 | D:7      | Reached XP level 10. HP: 100/100 MP: 6/9
  5492 | D:8      | Reached skill level 11 in Unarmed Combat
  5499 | D:8      | Found a snail-covered altar of Cheibriados.
  5574 | D:8      | Found Gick's Assorted Antiques.
  5645 | D:8      | Found Syapp's Jewellery Shop.
  5661 | D:8      | Found an opulent altar of Gozag.
  5719 | D:8      | Found Uruth's Assorted Antiques.
  5863 | D:8      | Found Bory Nie's Book Emporium.
  6183 | D:2      | Killed Menkaure
  6608 | D:9      | Noticed a stone giant
  6707 | D:8      | Killed a stone giant
  6707 | D:8      | Reached ***** piety under Okawaru
  6707 | D:8      | Reached skill level 12 in Unarmed Combat
  6828 | D:9      | Noticed a seven-headed hydra
  7057 | D:9      | Found Borphahi's Magic Scroll Shoppe.
  7068 | D:9      | Bought a scroll of identify for 32 gold pieces
  7068 | D:9      | Bought a scroll of identify for 32 gold pieces
  7068 | D:9      | Bought a scroll of teleportation for 48 gold pieces
  7068 | D:9      | Bought 2 scrolls of blinking for 240 gold pieces
  7305 | D:10     | Entered Level 10 of the Dungeon
  7433 | D:10     | Reached XP level 11. HP: 110/110 MP: 10/10
  7557 | D:10     | Found a staircase to the Lair.
  8351 | D:10     | Reached ****** piety under Okawaru
  8542 | D:10     | Found Funiluipic's Assorted Antiques.
  8811 | D:9      | Got a bound granite ring
  8817 | D:9      | Identified the ring of Ysmacrot {rC+++ MP+9 Str-5 Stlth+} (You found it on level 9 of the Dungeon)
  8981 | D:9      | Noticed Pikel
  8987 | D:9      | Killed Pikel
  9301 | D:11     | Reached skill level 13 in Unarmed Combat
  9413 | D:11     | Noticed a green ugly thing
  9427 | D:11     | Killed a green ugly thing
  9576 | D:11     | Received a gift from Okawaru
  9744 | D:11     | Noticed a purple ugly thing
  9761 | D:11     | Killed a purple ugly thing
  9786 | D:11     | Noticed a centaur warrior
  9807 | D:11     | Killed a centaur warrior
  9820 | D:11     | Noticed a frost giant
  9829 | D:11     | Killed from afar by a frost giant

Vault maps used:
D:1:      dpeg_arrival_ratfight, roderic_lattice_a
D:2:      nicolae_ru_path_of_blood, nicolae_ashenzari_panopticon,
          gammafunk_temple_of_torment, uniq_robin, uniq_terence
D:3:      chequers_ecumenical_altar_lobes, dk_yredelemnul_ordeal
D:4:      overflow_temple_1_default, serial_shops, nicolae_shop_stone,
          first_ration, uniq_crazy_yiuf_cottage, uniq_sigmund
D:5:      lemuel_ice_spiral_2, lemuel_coloured_pillars_altar,
          wad_floor_pattern_untrapped, tso_altar, uniq_duvessa
D:6:      old_standard_altar, nicolae_qazlal_style_of_elements,
          doesnt_xom_only_xom, kennysheep_okawaru_gauntlet, kennysheep_dice
D:7:      minmay_temple_entry_large_hall, grunt_ogre_cave, lemuel_statue_altar
D:8:      grunt_gozag_statues, slow_altar_1, serial_shops, shop, shop, shop,
          shop
D:9:      serial_shops, shop, minmay_the_grid_2x2, uniq_pikel
D:10:     david_lair_shrubbed, serial_shops, nicolae_shop_overgrown_old_shop
D:11:     minmay_coctagon, minmay_orc_entry_guard_dogs, st_stairs_7,
          worms_lemuel

Skill      XL: |  1  2  3  4  5  6  7  8  9 10 11 |
---------------+----------------------------------+-----
Unarmed Combat | 4 5 6 7 9 10 12 13 | 13.6
Fighting       | 3 4 5 6 7 8 |  8.6
Shields        | 1 2 4 5 6 7 |  7.6
Dodging        | |  2.4
Stealth        | |  1.0

Action                   |  1- 3 |  4- 6 |  7- 9 | 10-12 || total
-------------------------+-------+-------+-------+-------++-------
Melee: Unarmed           |    91 |   186 |   275 |   446 ||   998
       Punch             |       |     2 |       |       ||     2
Invok: Heroism           |       |       |     1 |     1 ||     2
  Use: Scroll            |       |       |     3 |     7 ||    10
 Stab: Sleeping          |     7 |     9 |     5 |     1 ||    22
  Eat: Chunk             |    15 |    17 |    23 |    46 ||   101
Armor: Robe              |    27 |    37 |    67 |    74 ||   205
       Quicksilver drago |       |       |       |    27 ||    27
Dodge: Dodged            |    53 |    57 |    73 |   115 ||   298
Block: Shield            |       |    25 |   129 |   261 ||   415

Table legend:
 A = Spawn XP
 B = Non-spawn XP
 C = Spawn XP percentage of total XP
 D = Spawn monster count
 E = Non-spawn monster count
 F = Spawn count percentage of total count
 G = Total turns spent on level
                    A         B        C        D         E        F      G
               +---------+---------+-------+---------+---------+-------+---------
         Total |       0 |   19509 |   0.0 |       0 |     322 |   0.0 |  9829
               +---------+---------+-------+---------+---------+-------+---------
           D:1 |       0 |      51 |   0.0 |       0 |      32 |   0.0 |   959
           D:2 |       0 |     371 |   0.0 |       0 |      43 |   0.0 |   945
           D:3 |       0 |     107 |   0.0 |       0 |      24 |   0.0 |   785
           D:4 |       0 |     576 |   0.0 |       0 |      17 |   0.0 |  1156
           D:5 |       0 |     792 |   0.0 |       0 |      16 |   0.0 |   550
           D:6 |       0 |    1284 |   0.0 |       0 |      30 |   0.0 |   814
           D:7 |       0 |    2885 |   0.0 |       0 |      35 |   0.0 |   781
           D:8 |       0 |    3424 |   0.0 |       0 |      41 |   0.0 |   847
           D:9 |       0 |    2132 |   0.0 |       0 |      28 |   0.0 |   992
          D:10 |       0 |    3237 |   0.0 |       0 |      31 |   0.0 |  1454
          D:11 |       0 |    4650 |   0.0 |       0 |      25 |   0.0 |   546
               +---------+---------+-------+---------+---------+-------+---------
